 Dungeon Crawl Stone Soup version 0.30-a0-782-ge64f9170bb (webtiles) character file.

Game seed: 17640539105478089538

5026 Oshino the Cleaver (level 10, 0/82 HPs)
             Began as a Gnoll Cinder Acolyte on Feb 25, 2023.
             Was an Elder of Ignis.
             Slain by a killer bee (5 damage)
             ... on level 9 of the Dungeon.
             The game lasted 00:33:19 (8942 turns).

Oshino the Cleaver (Gnoll Cinder Acolyte)           Turns: 8942, Time: 00:33:20

Health: 0/82       AC:  9    Str: 13    XL:     10   Next: 55%
Magic:  7/19       EV: 14    Int: 19    God:    Ignis [****..]
Gold:   582        SH:  0    Dex: 13    Spells: 9/21 levels left

rFire   + + .      SeeInvis .    M - +2 war axe (flame)
rCold   x . .      Faith    .    (no shield)
rNeg    . . .      Spirit   .    N - +0 steam dragon scales
rPois   .          Reflect  .    (no helmet)
rElec   .          Harm     .    (no cloak)
rCorr   .          Rampage  .    p - +0 pair of gloves
Will    .....                    F - +1 pair of boots
Stlth   +++                      b - amulet of the acrobat
HPRegen 0.33/turn                h - +6 ring of dexterity
MPRegen 0.16/turn                u - ring of fire

@: on berserk cooldown, hasted, very quick
A: fangs 1, strong nose, distributed training
a: Renounce Religion, Fiery Armour, Foxfire Swarm, Rising Flame


You were on level 9 of the Dungeon.
You worshipped Ignis.
Ignis was greatly pleased with you.
You visited 1 branch of the dungeon, and saw 9 of its levels.

You collected 582 gold pieces.

Inventory:

Hand Weapons
 a - a +0 hand axe of flaming
 k - a +0 war axe
 M - a +2 war axe of flaming (weapon)
Missiles
 s - 26 poisoned darts (quivered)
 S - 5 atropa-tipped darts
Armour
 m - the +1 robe "Poephi" {rC+}
   (You found it on level 2 of the Dungeon)

   rC:        It protects you from cold.
 p - a +0 pair of gloves (worn)
 D - a +0 robe of resistance
 F - a +1 pair of boots (worn)
 N - +0 steam dragon scales (worn)
 T - an orb of guile
Jewellery
 b - an amulet of the acrobat (around neck)
 h - a +6 ring of dexterity (left hand)
 u - a ring of fire (right hand)
 v - an amulet of guardian spirit
 y - a ring of protection from cold
 H - a ring of ice
 R - a ring of protection from cold
Wands
 g - a wand of polymorph (12)
 I - a wand of mindburst (5)
 J - a wand of roots (6)
 L - a wand of flame (10)
Scrolls
 c - 4 scrolls of enchant weapon
 f - 2 scrolls of enchant armour
 l - 2 scrolls of noise
 n - 4 scrolls of immolation
 o - a scroll of fog
 q - 3 scrolls of poison {unknown}
 r - a scroll of teleportation {unknown}
 w - a scroll of magic mapping {unknown}
 B - a scroll of silence {unknown}
 C - 2 scrolls of vulnerability {unknown}
 G - a scroll of fear {unknown}
 K - 2 scrolls of torment {unknown}
 Q - 3 scrolls of identify
Potions
 e - 3 potions of flight {unknown}
 i - 2 potions of attraction {unknown}
 j - a potion of berserk rage
 t - 5 potions of resistance
 x - a potion of might {unknown}
 z - a potion of lignification {unknown}
 A - a potion of magic {unknown}
 E - a potion of invisibility {unknown}
 O - a potion of curing
 P - a potion of mutation {unknown}
 U - a potion of cancellation {unknown}


   Skills:
 + Level 8.7 Fighting
 + Level 5.6 Short Blades
 + Level 5.6 Long Blades
 + Level 8.7 Axes
 + Level 5.6 Maces & Flails
 + Level 5.6 Polearms
 + Level 5.6 Staves
 + Level 5.6 Ranged Weapons
 + Level 5.6 Throwing
 + Level 5.6 Armour
 + Level 5.6 Dodging
 + Level 5.6 Stealth
 + Level 5.6 Shields
 + Level 5.6 Unarmed Combat
 + Level 6.3 Spellcasting
 + Level 4.6 Conjurations
 + Level 4.6 Hexes
 + Level 4.6 Summonings
 + Level 4.6 Necromancy
 + Level 4.6 Translocations
 + Level 4.6 Transmutations
 + Level 7.2 Fire Magic
 + Level 4.6 Ice Magic
 + Level 4.6 Air Magic
 + Level 4.6 Earth Magic
 + Level 4.6 Poison Magic
 + Level 6.1 Invocations
 + Level 5.6 Evocations


You had 9 spell levels left.
You knew the following spells:

 Your Spells              Type           Power      Damage    Failure   Level
a - Scorch                Fire           100%       2d10      1%          2
b - Searing Ray           Conj           46%        2d6       2%          2
c - Call Imp              Summ           23%        N/A       2%          2
d - Call Canine Familiar  Summ           23%        N/A       4%          3
e - Summon Guardian Gole  Hex/Summ       23%        N/A       4%          3

Your spell library contained the following spells:

 Spells                   Type           Power      Damage    Failure   Level
 Apportation              Tloc           46%        N/A       1%          1
 Magic Dart               Conj           92%        1d7       1%          1
 Necrotise                Necr           92%        1d8       1%          1
 Slow                     Hex            92%        N/A       1%          1
 Summon Small Mammal      Summ           92%        N/A       1%          1
 Lesser Beckoning         Tloc           46%        N/A       2%          2
 Sublimation of Blood     Necr           23%        N/A       2%          2
 Ignite Poison            Fire/Tmut/Pois 40%        N/A       3%          3
 Kindle Blastsparks       Fire/Tloc/Air  80%        2d16      3%          3
 Gell's Gravitas          Tloc           23%        N/A       4%          3
 Mephitic Cloud           Conj/Pois/Air  23%        N/A       4%          3
 Ozocubu's Armour         Ice            23%        N/A       4%          3
 Teleport Other           Tloc           23%        N/A       4%          3
 Fulminant Prism          Conj/Hex       11%        3d9       16%         4
 Petrify                  Tmut/Erth      23%        N/A       16%         4
 Freezing Cloud           Conj/Ice/Air   11%        6-21      41%         5
 Irradiate                Conj/Tmut      11%        3d15      41%         5
 Metabolic Englaciation   Hex/Ice        11%        N/A       41%         5
 Summon Mana Viper        Hex/Summ       23%        N/A       41%         5
 Dispersal                Tloc           11%        N/A       94%         6
 Simulacrum               Ice/Necr       11%        N/A       94%         6


Dungeon Overview and Level Annotations

Branches:
Dungeon (9/15)             Temple (0/1) D:7            Lair (0/5) D:9
    Orc: D:9-12

Altars:
Elyvilon
Fedhas
Makhleb
Trog
Xom
Yredelemnul
The Shining One

Shops:
D:3 ((   D:4 *   D:7 *::


Innate Abilities, Weirdness & Mutations

You have very sharp teeth.
Your uncanny sense of smell can sniff out nearby items.
Your experience applies equally to all skills.


Message History

You start resting.
A two-headed ogre opens the door.
It is wielding a +0 giant club and a +0 giant spiked club.
There is an open door here.
Casting: Summon Guardian Golem (dangerous; 4% risk of failure)
Confirm with . or Enter, or press ? or * to list all spells.
You don't know that spell.
Okay, then.
Casting: Summon Guardian Golem (dangerous; 4% risk of failure)
Confirm with . or Enter, or press ? or * to list all spells.
A guardian golem appears, shielding your allies.
You swap places.
You slash the two-headed ogre! You burn the two-headed ogre!
The two-headed ogre is moderately wounded.
The killer bee stings your guardian golem.
The two-headed ogre misses you.
The two-headed ogre hits you with a +0 giant spiked club!
The killer bee stings your guardian golem but does no damage.
You barely miss the two-headed ogre.
The two-headed ogre is moderately wounded.
The killer bee stings your guardian golem.
The killer bee stings your guardian golem!
The killer bee stings your guardian golem but does no damage.
The two-headed ogre hits you but does no damage.
The two-headed ogre hits you with a +0 giant spiked club!!
* * * LOW HITPOINT WARNING * * *
The killer bee stings your guardian golem.
The two-headed ogre attacks as you move away!
The two-headed ogre hits you with a +0 giant club!
* * * LOW HITPOINT WARNING * * *
The two-headed ogre hits you with a +0 giant spiked club.
* * * LOW HITPOINT WARNING * * *
The killer bee stings your guardian golem but does no damage. x2
The orc wizard casts a spell.
The orc wizard flickers and vanishes!
Deactivating autopickup; reactivate with Ctrl-A.
You feel yourself speed up.
You feel yourself speed up. The two-headed ogre misses you.
The two-headed ogre barely misses you. The killer bee stings you.
You die...

#.9.yy# ##......# #####.#
##..'##### ####'### ##...##
#..y...# ##.....####### ##
#......# #.......#....####.
#......# ##.......#....##.'.
#......####.............##.#>
#......'..9y............'..#.
#......###.O@..>........####.
+......# ##.........##### #.
#......# #.........# #.
##'##### ##..)....## #. #...#
#.......# ## ######.#####
##.....## ###..).......#
##...### ## #..†°........#
#.)##.# #.
..#....>.....#####.###.######
#.


You could see a two-headed ogre, a killer bee (ally target) and a friendly
guardian golem (summoned).

Vanquished Creatures
  Pikel (D:5)
  Maggie (D:7)
  A hornet (D:7)
  2 yaks (D:8)
  2 wyverns
  A shadow (D:9)
  A wraith (D:9)
  2 wargs (D:9)
  An acid dragon (D:7)
  A sky beast (D:8)
  2 orc warriors (D:9)
  2 black bears (D:6)
  2 ogres
  2 phantoms
  3 centaurs
  2 lemures (D:4)
  2 bullfrogs (D:7)
  A kobold brigand (D:7)
  2 scorpions
  2 necrophages
  A gnoll sergeant (D:5)
  A crimson imp (D:7)
  4 hounds
  3 jellies
  A gnoll bouda (D:9)
  An orc priest (D:6)
  3 iguanas
  6 orc wizards
  8 gnolls
  8 adders
  A shadow imp (D:5)
  2 ufetubi (D:6)
  A worm (D:2)
  2 dart slugs
  23 orcs
  6 endoplasms
  6 giant cockroaches
  7 goblins
  7 hobgoblins
  4 quokkas
  7 ball pythons
  5 bats
  A frilled lizard (D:2)
  9 kobolds
  3 rats
  A spectral orc (D:7)
154 creatures vanquished.

Vanquished Creatures (collateral kills)
  A water moccasin (D:8)
  An orc priest (D:9)
  A kobold (D:7)
3 creatures vanquished.

Vanquished Creatures (others)
  A komodo dragon (D:9)
  A yak (D:8)
  22 foxfires (D:7)
  3 plants
27 creatures vanquished.

Grand Total: 184 creatures vanquished

Notes
Turn   | Place    | Note
-------+----------+-------------------------------------------
     0 | D:1      | Oshino the Gnoll Cinder Acolyte began the quest for the
                  | Orb.
     0 | D:1      | Reached XP level 1. HP: 23/23 MP: 4/4
    22 | D:1      | Reached XP level 2. HP: 11/29 MP: 5/5
   313 | D:1      | Reached XP level 3. HP: 33/35 MP: 7/7
   621 | D:1      | Reached skill level 1 in Invocations
  1085 | D:2      | Found a bloodstained altar of Trog.
  1120 | D:2      | Reached skill level 1 in Short Blades
  1120 | D:2      | Reached skill level 1 in Long Blades
  1120 | D:2      | Reached skill level 1 in Maces & Flails
  1120 | D:2      | Reached skill level 1 in Polearms
  1120 | D:2      | Reached skill level 1 in Staves
  1120 | D:2      | Reached skill level 1 in Ranged Weapons
  1120 | D:2      | Reached skill level 1 in Throwing
  1120 | D:2      | Reached skill level 1 in Armour
  1120 | D:2      | Reached skill level 1 in Dodging
  1120 | D:2      | Reached skill level 1 in Stealth
  1120 | D:2      | Reached skill level 1 in Shields
  1120 | D:2      | Reached skill level 1 in Unarmed Combat
  1120 | D:2      | Reached skill level 1 in Evocations
  1420 | D:2      | Reached XP level 4. HP: 31/41 MP: 8/8
  1658 | D:2      | Identified the +1 robe "Poephi" {rC+}
  1821 | D:2      | Reached skill level 1 in Conjurations
  1821 | D:2      | Reached skill level 1 in Hexes
  1821 | D:2      | Reached skill level 1 in Summonings
  1821 | D:2      | Reached skill level 1 in Necromancy
  1821 | D:2      | Reached skill level 1 in Translocations
  1821 | D:2      | Reached skill level 1 in Transmutations
  1821 | D:2      | Reached skill level 1 in Ice Magic
  1821 | D:2      | Reached skill level 1 in Air Magic
  1821 | D:2      | Reached skill level 1 in Earth Magic
  1821 | D:2      | Reached skill level 1 in Poison Magic
  1926 | D:3      | Found Zofivyif's Antique Weapon Shoppe.
  1971 | D:3      | Learned a level 2 spell: Scorch
  2141 | D:3      | Found Xatretar's Antique Weapon Emporium.
  2297 | D:4      | Reached XP level 5. HP: 46/47 MP: 4/9
  2515 | D:4      | Found Picear's Gadget Gallery.
  2567 | D:4      | Found a glowing golden altar of the Shining One.
  2981 | D:5      | Entered Level 5 of the Dungeon
  2982 | D:5      | Noticed a lemure
  2983 | D:5      | Reached XP level 6. HP: 53/53 MP: 8/11
  2994 | D:5      | Noticed Pikel
  3543 | D:5      | Reached XP level 7. HP: 59/59 MP: 9/12
  3672 | D:5      | Killed Pikel
  3673 | D:5      | Reached XP level 8. HP: 51/67 MP: 1/14
  3824 | D:5      | Found a blossoming altar of Fedhas.
  4660 | D:5      | Learned a level 2 spell: Searing Ray
  4663 | D:5      | Learned a level 2 spell: Call Imp
  5904 | D:7      | Found Zosior's Book Shop.
  6057 | D:7      | Found Becideuth's Tremendous Tomes.
  6111 | D:7      | Found Dune's Overcharged Wands.
  6112 | D:7      | Noticed a wyvern
  6121 | D:7      | Killed a wyvern
  6122 | D:7      | Reached XP level 9. HP: 73/73 MP: 12/16
  6172 | D:7      | Reached skill level 5 in Spellcasting
  6203 | D:7      | Found a staircase to the Ecumenical Temple.
  6361 | D:7      | Noticed a hornet
  6367 | D:7      | Killed a hornet
  6615 | D:7      | Got Sif Muna's Atlas of Contamination and Jinxing
  6675 | D:7      | Found a shimmering altar of Xom.
  6675 | D:7      | Found a burning altar of Makhleb.
  6844 | D:7      | Found a basalt altar of Yredelemnul.
  6959 | D:7      | Noticed Maggie
  6959 | D:7      | Noticed Joseph
  6964 | D:7      | Killed Maggie
  6965 | D:7      | Reached skill level 5 in Invocations
  6972 | D:7      | Joseph changed into Joseph the acid dragon
  6972 | D:7      | Noticed Joseph
  6975 | D:7      | Killed Joseph the acid dragon
  7100 | D:7      | Learned a level 3 spell: Call Canine Familiar
  7104 | D:7      | Learned a level 3 spell: Summon Guardian Golem
  7457 | D:8      | Reached skill level 5 in Short Blades
  7457 | D:8      | Reached skill level 5 in Long Blades
  7457 | D:8      | Reached skill level 5 in Maces & Flails
  7457 | D:8      | Reached skill level 5 in Polearms
  7457 | D:8      | Reached skill level 5 in Staves
  7457 | D:8      | Reached skill level 5 in Ranged Weapons
  7457 | D:8      | Reached skill level 5 in Throwing
  7457 | D:8      | Reached skill level 5 in Armour
  7457 | D:8      | Reached skill level 5 in Dodging
  7457 | D:8      | Reached skill level 5 in Stealth
  7457 | D:8      | Reached skill level 5 in Shields
  7457 | D:8      | Reached skill level 5 in Unarmed Combat
  7457 | D:8      | Reached skill level 5 in Evocations
  7457 | D:8      | Reached XP level 10. HP: 75/81 MP: 7/18
  7599 | D:8      | Found a white marble altar of Elyvilon.
  8310 | D:9      | Found a staircase to the Lair.
  8932 | D:9      | Noticed a two-headed ogre
  8941 | D:9      | HP: 4/82 [two-headed ogre/+0 giant club (3)]
  8942 | D:9      | Slain by a killer bee

Illustrated notes

Levels and vault maps discovered:
D:1:      heliophobic_arrival_ceremonial_halls, layout_loops_corners
D:2:      layout_loops_cross, basic_altar
D:3:      layout_rooms, serial_shops, shop, shop,
          corexii_item_surrounded_by_moat, minmay_misc_feat_more_columns,
          minmay_box_of_dots
D:4:      layout_rooms, tso_metal_star, nicolae_shop_gadgets
D:5:      layout_basic, fedhas_ov_isle_minmay, chequers_serial_rivers_large_b,
          uniq_pikel
D:6:      layout_gridville, nicolae_hexahallways
D:7:      layout_rooms, grunt_temple_overflow_champion_of_chaos,
          yredelemnul_forgotten_temple_becter, minmay_temple_entry_grid,
          nrook_mini_vaults, nicolae_stop_n_shop_2, minmay_misc_feat_roman,
          nicolae_shop_i_like_big_books, nicolae_shop_overcharged_wands,
          uniq_maggie, uniq_joseph
D:8:      layout_basic, nicolae_elyvilon_peaceful_grove, chequers_garden
D:9:      layout_roguey, erik_lair_orcish_takeover, gammafunk_ghost_cemetery

Skill      XL: |  1  2  3  4  5  6  7  8  9 10 |
---------------+-------------------------------+-----
Invocations    | 1 2 3 4 5 6 |  6.1
Short Blades   | 1 2 3 4 5 |  5.6
Long Blades    | 1 2 3 4 5 |  5.6
Maces & Flails | 1 2 3 4 5 |  5.6
Polearms       | 1 2 3 4 5 |  5.6
Staves         | 1 2 3 4 5 |  5.6
Ranged Weapons | 1 2 3 4 5 |  5.6
Throwing       | 1 2 3 4 5 |  5.6
Armour         | 1 2 3 4 5 |  5.6
Dodging        | 1 2 3 4 5 |  5.6
Stealth        | 1 2 3 4 5 |  5.6
Shields        | 1 2 3 4 5 |  5.6
Unarmed Combat | 1 2 3 4 5 |  5.6
Evocations     | 1 2 3 4 5 |  5.6
Spellcasting   | 3 4 5 6 |  6.3
Conjurations   | 1 2 3 4 |  4.6
Hexes          | 1 2 3 4 |  4.6
Summonings     | 1 2 3 4 |  4.6
Necromancy     | 1 2 3 4 |  4.6
Translocations | 1 2 3 4 |  4.6
Transmutations | 1 2 3 4 |  4.6
Ice Magic      | 1 2 3 4 |  4.6
Air Magic      | 1 2 3 4 |  4.6
Earth Magic    | 1 2 3 4 |  4.6
Poison Magic   | 1 2 3 4 |  4.6
Fighting       | 7 8 |  8.7
Axes           | 7 8 |  8.7
Fire Magic     | 6 7 |  7.2

Action                     |  1- 3 |  4- 6 |  7- 9 | 10-12 || total
---------------------------+-------+-------+-------+-------++-------
  Melee: Hand axe          |    90 |   152 |   138 |       ||   380
         Bite              |     3 |    13 |    17 |     7 ||    40
         War axe           |       |       |     4 |    42 ||    46
         Punch             |       |       |     2 |     2 ||     4
  Throw: Dart              |       |       |    24 |     2 ||    26
   Cast: Scorch            |       |    25 |    54 |    44 ||   123
         Call Imp          |       |       |    13 |       ||    13
         Searing Ray       |       |       |     4 |       ||     4
         Call Canine Famil |       |       |     2 |     7 ||     9
         Summon Guardian G |       |       |     2 |     6 ||     8
 Invoke: Fiery Armour      |     1 |       |     1 |       ||     2
         Foxfire Swarm     |       |       |     1 |       ||     1
  Evoke: Wand              |       |       |     9 |       ||     9
    Use: Scroll            |       |     3 |     4 |       ||     7
         Potion            |       |       |       |     2 ||     2
   Stab: Sleeping          |     1 |     5 |     3 |       ||     9
         Distracted        |       |       |     1 |       ||     1
 Armour: Robe              |    24 |    52 |    30 |       ||   106
         Steam dragon scal |       |       |     2 |    28 ||    30
  Dodge: Dodged            |    41 |    99 |    87 |   104 ||   331

Table legend: (Time is in decaauts)
 A = Elapsed time spent in this place.
 B = Non-inter-level travel time spent in this place.
 C = Inter-level travel time spent in this place.
 D = Time resting spent in this place.
 E = Time spent auto-exploring this place.
 F = Levels seen in this place.
 G = Mean time per level.
                   A        B        C        D        E       F      G
               +--------+--------+--------+--------+--------+-----+--------+
         Total |   8959 |   8533 |    426 |    990 |   5834 |   9 |  995.4 |
       Dungeon |   8959 |   8533 |    426 |    990 |   5834 |   9 |  995.4 |
               +--------+--------+--------+--------+--------+-----+--------+

Top non-repeatable levels by time:
     D:5: 1521 daAuts
     D:6: 1345 daAuts
     D:7: 1128 daAuts
     D:1: 1081 daAuts
     D:9: 915 daAuts
     D:8: 888 daAuts
     D:4: 877 daAuts
     D:2: 764 daAuts
     D:3: 437 daAuts
